 Dungeon Crawl Stone Soup version 0.17-a0-1481-gfdcec5c (webtiles) character file.

109 emikaela the Skirmisher (level 4, 0/34 HPs)
             Began as an Octopode Wanderer on July 4, 2015.
             Was an Initiate of Fedhas.
             Killed by vampiric draining
             ... invoked by emikaela's ghost
              (4 damage)
             ... on level 3 of the Dungeon.
             The game lasted 00:07:30 (2755 turns).

emikaela the Skirmisher (Octopode Wanderer)         Turns: 2755, Time: 00:07:31

Health: 0/34       AC:  1    Str: 10    XL:     4   Next: 89%
Magic:  4/4        EV: 13    Int: 14    God:    Fedhas [......]
Gold:   179        SH:  0    Dex: 16    Spells: 0 memorised, 3 levels left

rFire  . . .     SeeInvis .     c - +0 mace
rCold  . . .     Clarity  .     (no shield)
rNeg   . . .     SustAt   .     (helmet restricted)
rPois  .         Gourm    .     (no amulet)
rElec  .         Spirit   .     w - +3 ring of dexterity
rCorr  .         Warding  .     (no ring)
rMut   .         Stasis   .     (no ring)
MR     .....                    (no ring)
Stlth  +++.......               (no ring)
                                (no ring)
                                (no ring)
                                (no ring)

@: not resistant to hostile enchantments, fairly stealthy
A: almost no armour, amphibious, 8 rings, constrict 8, camouflage 1, gelatinous
body 1
a: Renounce Religion


You were on level 3 of the Dungeon.
You worshipped Fedhas.
Fedhas was noncommittal.
You were not hungry.

You visited 1 branch of the dungeon, and saw 3 of its levels.

You collected 179 gold pieces.

Inventory:

Hand weapons
 b - a +0 quarterstaff
 c - a +0 mace (weapon)
 d - a +0 dagger
Missiles
 h - 6 javelins (quivered)
 j - 146 stones
 m - 15 poisoned needles
Armour
 t - a +0 buckler
Jewellery
 v - an uncursed ring of ice
 w - a +3 ring of dexterity (left tentacle)
Magical devices
 a - a wand of frost (15)
Scrolls
 f - 2 scrolls of identify {unknown}
 l - 3 scrolls of remove curse {unknown}
 n - a scroll of enchant weapon {unknown}
 o - 2 scrolls of amnesia {unknown}
 u - 3 scrolls of noise {unknown}
Potions
 g - 3 potions of lignification {unknown}
 i - a potion of might {unknown}
 p - a potion of agility {unknown}
 q - a potion of invisibility {unknown}
 r - 2 potions of resistance {unknown}
Comestibles
 e - 3 bread rations
 k - 2 meat rations
 s - a slice of pizza


   Skills:
 + Level 4.4 Fighting
   Level 1.0 Long Blades
 - Level 3.0 Maces & Flails
 + Level 2.1 Dodging
 - Level 2.6 Stealth
 - Level 1.1 Evocations


You had 3 spell levels left.
You didn't know any spells.

Dungeon Overview and Level Annotations

Branches:
Dungeon (3/15)

Altars:
Fedhas

Annotations:
D:3 emikaela's ghost, average OpWn


Innate Abilities, Weirdness & Mutations

You cannot wear most types of armour.
You are amphibious.
You can wear up to eight rings at the same time.
You can use your tentacles to constrict eight enemies at once.
Your skin changes colour to match your surroundings (Stealth).
Your rubbery body absorbs attacks (AC +1).


Message History

Emikaela's ghost barely misses you.
You hit emikaela's ghost. Your squeeze misses emikaela's ghost.
Emikaela's ghost is heavily damaged.
Emikaela's ghost is infused with unholy energy.
Emikaela's ghost draws life force from you and is healed!
You are too injured to fight recklessly!
You hit emikaela's ghost.
Emikaela's ghost is heavily damaged.
Emikaela's ghost hits you.
* * * LOW HITPOINT WARNING * * *
Emikaela's ghost hits you but does no damage.
You hit emikaela's ghost.
Emikaela's ghost is heavily damaged.
Emikaela's ghost hits you.
* * * LOW HITPOINT WARNING * * *
You closely miss emikaela's ghost. Your squeeze misses emikaela's ghost.
Emikaela's ghost is heavily damaged.
Emikaela's ghost is infused with unholy energy.
You die...
Fedhas appreciates your contribution to the ecosystem.

....#..##.#.....#.#
#...#..##W#.....#.#.#
#...#..##.#(.W..#.#.#
#...#..##.#.....#.#.#
#.#.#..##.#######...+
..#.........W....#.#
###...###.######(..#
.....^# #.# #W.##
#####.###.# #@.#
#..##.# #.## #..##.#
..# #..##.# #..#
#..##.# #..# #..##.#
.... #..##.# .###
#..##.# #. #.....#


You could see emikaela's ghost.

Vanquished Creatures
  A giant frog (D:3)
  3 worms (D:2)
  2 giant geckos (D:1)
  3 giant cockroaches
  5 hobgoblins
  4 jackals (D:2)
  5 kobolds
  A ball python (D:2)
  10 bats
  2 giant newts
  6 goblins
  3 rats
45 creatures vanquished.

Vanquished Creatures (others)
  A toadstool (D:2)
1 creature vanquished.

Grand Total: 46 creatures vanquished

Notes
Turn   | Place    | Note
--------------------------------------------------------------
     0 | D:1      | emikaela the Octopode Wanderer began the quest for the Orb.
     0 | D:1      | emikaela set off with: a wand of frost (15), a +0 quarterstaff, a +0 mace, a +0 dagger, a bread ration
     0 | D:1      | Reached XP level 1. HP: 14/14 MP: 1/1
   470 | D:1      | Reached XP level 2. HP: 20/20 MP: 2/2
  1304 | D:2      | Reached XP level 3. HP: 18/26 MP: 3/3
  1717 | D:2      | Found a blossoming altar of Fedhas.
  2109 | D:2      | Became a worshipper of Fedhas Madash
  2215 | D:2      | Reached skill level 4 in Fighting
  2555 | D:3      | Noticed emikaela's ghost (average OpWn)
  2617 | D:3      | Noticed a giant frog
  2621 | D:3      | Killed a giant frog
  2621 | D:3      | Reached XP level 4. HP: 26/34 MP: 4/4
  2755 | D:3      | Killed from afar by emikaela's ghost

Vault maps used:
D:1:      mrwooster_arrival_statue
D:2:      fedhas_altar_1
D:3:      first_bread

Action                   |  1- 3 |  4- 6 || total
-------------------------+-------+-------++-------
Melee: Mace              |    97 |    10 ||   107
Throw: Javelin           |       |     1 ||     1
 Stab: Sleeping          |    17 |       ||    17
  Eat: Chunk             |     4 |     2 ||     6
